AoeStats
← Sample Text

Lombardia

509602262Analyzed
3v3 RM · 5d ago on Sep 27, 2026· 70m 56s· 6 players
Game mode
Random Map
Map size
Normal (6 player)
Population
200
Speed
Normal
Resources
Standard
Victory
Conquest
Starting age
Dark Age
Ending age
Imperial Age
RankedLock teamsTeams togetherTeam positionsShared explorationLock speedFull tech treeHidden civsTurbo modeCheats
Victory
Defeat
🇪🇸 Magyars · Spain
1166
+12
🇪🇸 Teutons · Spain
1125
+13
🇬🇧 Mongols · United Kingdom
996
+18
🇦🇺 Khmer · Australia
1083
-15
🇦🇺 Saxons · Australia
1056
-14
🇦🇺 Varangians · Australia
1041
-14
Big J
6:59 Loom
9:35 Feudal Age
10:36 Double-Bit Axe
20:20 Castle Age
18:34 Horse Collar
21:35 Bow Saw
23:47 Bloodlines
26:08 Elite Skirmisher
28:14 Gold Mining
28:17 Stone Mining
28:17 Gold Mining
29:25 Wheelbarrow
31:14 Husbandry
31:46 Ballistics
33:02 Stone Shaft Mining
33:02 Gold Shaft Mining
36:39 Imperial Age
35:11 Gold Shaft Mining
35:37 Scale Barding Armor
35:43 Forging
36:59 Fletching
37:30 Chain Barding Armor
36:59 Elite Ballista Elephant
38:38 Double Crossbow
38:59 Conscription
41:06 Chemistry
41:06 Plate Barding Armor
40:27 Bodkin Arrow
41:08 Iron Casting
41:21 Elite Battle Elephant
44:57 Hand Cart
50:43 Blast Furnace
50:28 Light Cavalry
51:51 Hussar
57:08 Bracer
57:09 Padded Archer Armor
65:46 Town Watch
Sample Text
8:29 Loom
10:15 Feudal Age
12:10 Double-Bit Axe
16:35 Castle Age
14:58 Horse Collar
15:41 Fletching
15:52 Gold Mining
16:56 Padded Archer Armor
17:05 Crossbowman
19:23 Bow Saw
22:05 Bodkin Arrow
25:09 Leather Archer Armor
27:00 Gold Shaft Mining
27:35 Wheelbarrow
28:18 Ballistics
28:06 Squires
27:53 Gambesons
29:17 Thumb Ring
29:48 Scale Mail Armor
29:36 Arson
31:01 Hand Cart
31:34 Stone Mining
34:53 Imperial Age
34:07 Chain Mail Armor
34:02 Forging
33:54 Elite Skirmisher
36:43 Two-Man Saw
36:57 Chemistry
36:02 Arbalester
37:04 Conscription
36:12 Capped Ram
37:15 Heavy Plow
37:22 Bracer
38:29 Ring Archer Armor
38:36 Plate Mail Armor
38:26 Shield Wall
38:37 Pikeman
38:47 Elite Hearth Troop
39:24 Siege Ram
41:51 Iron Casting
48:22 Elite Varangian Guard
51:57 Halberdier
56:46 Masonry
NaughtyBoy
4:58 Loom
11:24 Feudal Age
12:59 Double-Bit Axe
14:01 Bloodlines
21:57 Castle Age
19:57 Horse Collar
21:22 Wheelbarrow
21:15 Forging
24:35 Scale Barding Armor
25:11 Husbandry
25:16 Town Watch
25:51 Gambesons
26:10 Scale Mail Armor
29:42 Squires
29:39 Gold Mining
34:23 Iron Casting
34:03 Chain Mail Armor
36:59 Heavy Plow
36:28 Pikeman
38:22 Hand Cart
39:45 Bow Saw
42:36 Imperial Age
40:39 Chain Mail Armor
41:57 Stone Mining
43:29 Chain Barding Armor
43:01 Fletching
44:20 Elite Jarl
46:24 Light Cavalry
47:40 Padded Archer Armor
chinorron
8:40 Loom
10:41 Feudal Age
11:30 Double-Bit Axe
14:57 Horse Collar
19:48 Castle Age
18:56 Fletching
19:52 Padded Archer Armor
21:36 Bow Saw
23:10 Bodkin Arrow
25:23 Thumb Ring
26:05 Wheelbarrow
27:55 Ballistics
27:57 Bloodlines
28:49 Leather Archer Armor
29:04 Pikeman
33:06 Gold Mining
36:37 Imperial Age
36:08 Husbandry
36:20 Scale Mail Armor
37:49 Parthian Tactics
37:26 Bracer
38:13 Recurve Bow
38:42 Hand Cart
39:06 Ring Archer Armor
39:39 Chemistry
39:57 Heavy Cavalry Archer
41:55 Two-Man Saw
41:46 Corvinian Army
43:49 Halberdier
45:05 Chain Mail Armor
50:58 Corvinian Army
51:21 Conscription
51:07 Scale Barding Armor
51:48 Stone Mining
52:36 Gold Shaft Mining
54:40 Elite Magyar Huszar
55:24 Light Cavalry
61:34 Chain Barding Armor
61:20 Heavy Plow
62:56 Plate Barding Armor
64:58 Crop Rotation
kypraeos18
1:13 Loom
13:03 Feudal Age
14:05 Horse Collar
14:13 Double-Bit Axe
16:53 Castle Age
20:28 Bloodlines
26:02 Wheelbarrow
25:39 Husbandry
26:00 Forging
26:57 Heavy Plow
27:59 Scale Barding Armor
28:52 Bow Saw
29:51 Chain Barding Armor
29:39 Stone Mining
29:45 Gold Mining
30:41 Hand Cart
31:49 Gold Shaft Mining
33:41 Iron Casting
32:57 Fletching
34:17 Padded Archer Armor
34:17 Scale Mail Armor
34:53 Thumb Ring
34:08 Elite Skirmisher
35:01 Bodkin Arrow
37:40 Imperial Age
34:59 Light Cavalry
35:56 Leather Archer Armor
36:05 Ballistics
36:26 Stone Shaft Mining
37:44 Chain Mail Armor
37:46 Masonry
37:36 Murder Holes
38:44 Conscription
38:51 Onager
42:06 Cavalier
42:24 Elite Mangudai
45:44 Chemistry
44:50 Bracer
45:50 Blast Furnace
45:21 Plate Mail Armor
49:11 Hussar
56:08 Herbal Medicine
59:19 Parthian Tactics
65:07 Capped Ram
67:18 Drill
66:43 Siege Ram
sepereti
11:45 Feudal Age
12:19 Loom
14:35 Horse Collar
19:50 Castle Age
18:08 Double-Bit Axe
18:24 Gold Mining
21:19 Bow Saw
21:11 Heavy Plow
20:35 Pikeman
21:16 Squires
22:35 Bloodlines
25:59 Wheelbarrow
25:25 Stone Mining
27:40 Scale Mail Armor
27:50 Forging
29:16 Hand Cart
35:29 Scale Barding Armor
36:01 Iron Casting
35:41 Chain Mail Armor
37:01 Stone Shaft Mining
42:31 Chain Barding Armor
46:42 Imperial Age
49:31 Halberdier
51:22 Conscription
50:24 Elite Teutonic Knight
52:11 Cavalier
53:29 Plate Barding Armor
53:25 Plate Mail Armor
53:56 Blast Furnace
53:18 Paladin
67:16 Capped Ram
Connection lost

Rejoining the realm…

Still unreachable

The connection could not be restored.

Session expired

The server has moved on; the page needs a fresh start.